Map: Dusty Gorge

Players

BunnyLove

  • Race: Terran Terran
  • Spawn Location: 11:00

IceWarrez

  • Race: Terran Terran
  • Spawn Location: 9:00

PureLegacy - Winner!

  • Race: Terran Terran
  • Spawn Location: 3:00

iNsomNia - Winner!

  • Race: Terran Terran
  • League: Master
  • Spawn Location: 5:00

VOD

Have the link to the VOD?

Description

Time

  • Played on: Nov. 27, 2018, 2:07 p.m.
  • Length: 4:09
Show
View Real Time Build Order
Export as new Build Order

BunnyLove Terran 

Build Orders:  

Get SALT Encoding   

  12  0:01  SCV  
  13  0:13  SCV  
  14  0:18  Supply Depot  
  14  0:25  SCV  
  15  0:33  Refinery  
  15  0:40  SCV  
  16  0:50  Barracks  
  16  0:53  SCV  
  17  1:00  Refinery  
  17  1:05  SCV  
  18  1:17  SCV  
  19  1:23  Supply Depot  
  19  1:29  SCV  
  20  1:40  Factory  
  20  1:41  Marine  
  21  1:52  Orbital Command  
  21  1:59  Marine  
  22  2:14  Barracks  
  22  2:17  Marine  
  22  2:18  SCV  
  24  2:24  Factory Tech Lab  
  24  2:30  SCV  
  24  2:36  Starport  
  25  2:42  Marine, SCV  
  27  2:54  Siege Tank  
  30  2:59  Marine  
  31  3:14  Marine  
  31  3:26  Marine  
  31  3:28  Supply Depot  
  31  3:32  Marine  
  30  3:44  Marine  
  30  3:49  Marine  
Show
View Real Time Build Order
Export as new Build Order

IceWarrez Terran 

Build Orders:  

Get SALT Encoding   

  12  0:01  SCV  
  13  0:13  SCV  
  14  0:18  Supply Depot  
  14  0:25  SCV  
  15  0:40  SCV  
  15  0:41  Barracks  
  16  0:51  Refinery  
  16  0:52  SCV  
  17  1:04  Refinery  
  17  1:05  SCV  
  18  1:17  SCV  
  19  1:29  Orbital Command  
  19  1:30  Marine  
  20  1:34  Barracks  
  20  1:42  Supply Depot  
  20  1:51  Factory  
  20  1:57  SCV  
  21  2:10  Barracks Reactor  
  21  2:18  SCV  
  22  2:22  Marine  
  23  2:30  SCV  
  24  2:38  Factory Reactor, Starport  
  24  2:42  SCV  
  25  2:48  Marine  
  25  2:49  Marine x2  
  26  2:54  SCV  
  24  3:03  Bunker  
  20  3:16  Marine x3  
  20  3:34  Marine x2  
  14  3:50  Marine  
Show
View Real Time Build Order
Export as new Build Order

PureLegacy Terran - Winner!

Build Orders:  

Get SALT Encoding   

  12  0:36  SCV  
  12  0:41  Supply Depot  
  13  0:45  Refinery  
  13  0:49  SCV  
  14  1:01  SCV  
  15  1:04  Barracks  
  15  1:13  Barracks, SCV  
  16  1:20  Barracks  
  16  1:25  SCV  
  17  1:37  SCV  
  18  1:51  Reaper  
  18  1:52  Orbital Command  
  19  2:07  Reaper  
  19  2:08  Reaper  
  21  2:09  Refinery  
  21  2:15  Supply Depot  
  21  2:18  SCV  
  22  2:28  Reaper  
  23  2:36  SCV  
  24  2:39  Reaper  
  24  2:40  Supply Depot  
  25  2:48  Reaper  
  26  3:00  Reaper  
  26  3:02  SCV  
  28  3:16  Reaper  
  28  3:27  Reaper  
  29  3:41  Command Center  
  29  3:42  SCV  
  30  3:52  Barracks  
  30  3:53  Barracks  
Show
View Real Time Build Order
Export as new Build Order

iNsomNia Terran - Winner!

Build Orders:  

Get SALT Encoding   

  12  0:01  SCV  
  13  0:13  SCV  
  14  0:21  Supply Depot  
  14  0:25  SCV  
  15  0:42  SCV  
  16  0:44  Barracks  
  16  0:47  Refinery  
  16  0:54  SCV  
  17  1:06  SCV  
  17  1:08  Barracks  
  18  1:18  SCV  
  18  1:23  Barracks  
  19  1:33  Reaper  
  19  1:36  Refinery  
  20  1:46  Orbital Command  
  20  1:55  Reaper  
  21  2:03  Supply Depot  
  21  2:06  Reaper  
  22  2:14  Reaper  
  23  2:27  Supply Depot  
  24  2:30  Reaper  
  24  2:36  SCV  
  25  2:38  Reaper  
  26  2:48  SCV  
  26  2:49  Reaper  
  28  3:03  Reaper  
  29  3:10  Reaper  
  30  3:22  Reaper  
  31  3:33  SCV  
  32  3:34  Command Center  
  32  3:35  Reaper  
  32  3:37  Supply Depot  
Tags
 
Add a new tag
Caveats
  • Supply blocks, unpowered buildings, or Contaminate may cause inaccurate times.
  • Supply counts are checked every 10 seconds.